 Dungeon Crawl Stone Soup version 0.31-a0-233-g139696dc86 (webtiles) character file.

Game seed: 7723115613655110300

1402091 Midn8 the Slayer (level 25, 196/196 (199) HPs)
             Began as a Tengu Summoner on July 7, 2023.
             Was the Champion of Ru.
             Escaped with the Orb
             ... and 3 runes on July 9, 2023!
             The game lasted 04:42:21 (93131 turns).

Midn8 the Slayer (Tengu Summoner)                  Turns: 93131, Time: 04:42:22

HP:   196/196 (199) AC: 23    Str: 14    XL:     25   Next: 88%
MP:   40/40         EV: 24    Int: 31    God:    Ru [******]
Gold: 1563          SH:  0    Dex: 15    Spells: 10/48 levels left

rFire   + . .        c - staff of fire
rCold   . . .        (shield unavailable)
rNeg    . . .        J - +4 troll leather armour {Snorg}
rPois   +            d - +2 hat {Stlth+}
rElec   +            X - +2 cloak
rCorr   .            o - +2 pair of gloves of the Wonderful God {Fly rElec rC+}
SInv    .            (boots unavailable)
Will    +....        A - amulet of Usyn {Spirit rPois Int+3} Stlth
                     (ring unavailable)
HPRegen 1.32/turn    W - ring of Ziblotah {rF+ AC+4 Str+3 Int+3 Stlth-}
MPRegen 0.27/turn

%: random rage (3%), guardian spirit
@: flying quickly and evasively, lightly drained, quick
A: beak, talons 3, screaming 1, missing a hand, no stealth, no conjurations
magic, no ice magic, no transmutations magic, nimble flight, temperature
sensitive, berserk 1, robust 1
0: Orb of Zot
}: 3/15 runes: barnacled, slimy, gossamer
a: Renounce Religion, Draw Out Power, Power Leap, Apocalypse


You escaped.
You worshipped Ru.
Ru was exalted by your worship.
You visited 10 branches of the dungeon, and saw 49 of its levels.
You visited the Abyss 1 time.
You also visited: Sewer.

You collected 5027 gold pieces.
You spent 3464 gold pieces at shops.

Inventory:

Hand Weapons
 Z - a +5 dagger of venom
Missiles
 q - 5 throwing nets
 B - 20 atropa-tipped darts
Armour
 d - a +2 hat of stealth (worn)
 o - the +2 pair of gloves of the Wonderful God (worn) {Fly rElec rC+}
   (You found it on level 4 of the Spider Nest)

   rC:        It protects you from cold.
   rElec:     It insulates you from electricity.
   Fly:       It grants you flight.
 J - a +4 troll leather armour (worn) {Snorg}
 Q - the +1 pair of gloves of Gehenna {rCorr Int+6}
   (You found it on level 4 of the Spider Nest)

   Int:       It affects your intelligence (+6).
   rCorr:     It protects you from acid and corrosion.
 X - a +2 cloak (worn)
Magical Staves
 c - a staff of fire (weapon)
 g - a staff of air
Jewellery
 u - the ring of Ceam {Will+ Str+6}
   (You bought it in a shop on level 4 of the Dungeon)

   [ring of strength]

   Str:       It affects your strength (+6).
   Will:      It increases your willpower.
 A - the amulet of Usyn (around neck) {Spirit rPois Int+3}
   (You found it on level 2 of the Spider Nest)

   [amulet of guardian spirit]

   It causes incoming damage to be divided between your reserves of health and
   magic.
   Int:       It affects your intelligence (+3).
   rPois:     It protects you from poison.
 W - the ring of Ziblotah (right hand) {rF+ AC+4 Str+3 Int+3 Stlth-}
   (You found it on level 2 of the Shoals)

   [ring of protection]

   AC:        It affects your AC (+4).
   Str:       It affects your strength (+3).
   Int:       It affects your intelligence (+3).
   rF:        It protects you from fire.
   Stlth:     It makes you less stealthy.
 Y - the ring "Elezargh" {rPois rF+ Will+ rCorr Dex+4}
   (You took it off a vampire mage on level 2 of the Vaults)

   [ring of poison resistance]

   Dex:       It affects your dexterity (+4).
   rF:        It protects you from fire.
   rPois:     It protects you from poison.
   rCorr:     It protects you from acid and corrosion.
   Will:      It increases your willpower.
Wands
 n - a wand of digging (8)
 v - a wand of mindburst (13)
 G - a wand of light (48)
 H - a wand of polymorph (29)
 I - a wand of paralysis (17)
 P - a wand of flame (66)
 R - a wand of roots (33)
Scrolls
 h - 6 scrolls of fear
 p - 5 scrolls of blinking
 t - 3 scrolls of summoning
 x - 5 scrolls of amnesia
 y - 4 scrolls of enchant weapon
 z - 10 scrolls of teleportation
 C - 3 scrolls of revelation
 L - 6 scrolls of poison
 M - 8 scrolls of fog
 T - a scroll of brand weapon
Potions
 b - 5 potions of magic
 e - 22 potions of heal wounds
 f - 3 potions of resistance
 i - 3 potions of invisibility
 j - 7 potions of curing
 k - 6 potions of might
 l - 6 potions of brilliance
 m - 6 potions of haste
 r - 3 potions of cancellation
 s - 6 potions of ambrosia
 w - 3 potions of berserk rage
 E - 4 potions of mutation
 F - 6 potions of lignification
 S - 6 potions of enlightenment
 V - 9 potions of attraction
Miscellaneous
 a - a tin of tremorstones (2/2)
 D - a phantom mirror
 K - a lightning rod (4/4)
 N - a piece from Xom's chessboard (15/15)
 O - a sack of spiders
 U - a phial of floods


   Skills:
 + Level 25.0 Fighting
 - Level 1.7 Short Blades
 - Level 6.0 Staves
 - Level 11.1 Armour
 - Level 17.0 Dodging
 - Level 12.0 Spellcasting
 - Level 19.0 Summonings
 - Level 11.0 Translocations
 - Level 11.0 Fire Magic
 - Level 22.0 Air Magic
 - Level 18.0 Evocations


You had 10 spell levels left.
You knew the following spells:

 Your Spells              Type           Power      Damage    Failure   Level
a - Summon Cactus Giant   Summ           47%        N/A       1%          6
c - Call Canine Familiar  Summ           94%        N/A       0%          3
e - Plasma Beam           Fire/Air       55%        2x1d70    1%          6
g - Passage of Golubria   Tloc           72%        N/A       1%          4
s - Summon Lightning Spi  Summ/Air       98%        N/A       0%          4
t - Malign Gateway        Summ/Tloc      42%        N/A       5%          7
x - Maxwell's Capacitive  Air            50%        ∞         2%          8

Your spell library contained the following spells:

 Spells                   Type           Power      Damage    Failure   Level
 Summon Small Mammal      Summ           100%       N/A       0%          1
 Call Imp                 Summ           100%       N/A       0%          2
 Vhi's Electric Charge    Tloc/Air       100%       N/A       0%          3
 Airstrike                Air            50%        2d(8-24)  0%          4
 Cigotuvi's Dreadful Rot  Necr/Pois/Air  100%       N/A       1%          2
 Poisonous Vapours        Pois/Air       100%       N/A       1%          2
 Portal Projectile        Hex/Tloc       100%       N/A       1%          3
 Summon Guardian Golem    Hex/Summ       67%        N/A       1%          3
 Volatile Blastmotes      Fire/Tloc      100%       2d18      1%          3
 Animate Armour           Summ/Erth      100%       N/A       1%          4
 Silence                  Hex/Air        36%        N/A       1%          5
 Summon Forest            Summ/Tloc      42%        N/A       1%          5
 Summon Mana Viper        Hex/Summ       67%        N/A       1%          5
 Summon Hydra             Summ           47%        N/A       1%          7
 Sublimation of Blood     Necr           18%        N/A       4%          2
 Summon Horrible Things   Summ           47%        N/A       9%          8
 Tukima's Dance           Hex            18%        N/A       10%         3
 Anguish                  Hex/Necr       9%         N/A       30%         4
 Animate Dead             Necr           18%        N/A       30%         4
 Cause Fear               Hex            9%         N/A       30%         4
 Dispel Undead            Necr           18%        3d11      30%         4
 Olgreb's Toxic Radiance  Pois           18%        N/A       30%         4
 Borgnjor's Vile Clutch   Necr/Erth      9%         N/A       65%         5
 Death Channel            Necr           9%         N/A       99%         6
 Enfeeble                 Hex            9%         N/A       100%        7
 Shatter                  Erth           9%         3d11*     100%        9
 Static Discharge         Conj/Air       Unusable   2-7/arc   N/A         2
 Arcjolt                  Conj/Air       Unusable   1d46      N/A         5
 Freeze                   Ice            Unusable   1d8       N/A         1
 Sting                    Tmut/Pois      Unusable   1d6       N/A         1
 Iskenderun's Mystic Bla  Conj/Tloc      Unusable   2d11      N/A         4
 Wereblood                Tmut           Unusable   N/A       N/A         2
 Dazzling Flash           Conj/Hex       Unusable   N/A       N/A         3
 Frozen Ramparts          Ice            Unusable   1d6       N/A         3
 Hailstorm                Conj/Ice       Unusable   3d6       N/A         3
 Petrify                  Tmut/Erth      Unusable   N/A       N/A         4
 Starburst                Conj/Fire      Unusable   6d10      N/A         6
 Alistair's Intoxication  Tmut/Pois      Unusable   N/A       N/A         5
 Blade Hands              Tmut           Unusable   N/A       N/A         5
 Irradiate                Conj/Tmut      Unusable   3d14      N/A         5
 Eringya's Noxious Bog    Tmut/Pois      Unusable   4d6       N/A         6
 Lehudib's Crystal Spear  Conj/Erth      Unusable   10d4      N/A         8
 Chain Lightning          Conj/Air       Unusable   3d48      N/A         9
 Fire Storm               Conj/Fire      Unusable   8d9       N/A         9

Dungeon Overview and Level Annotations

Branches:
Dungeon (15/15)            Temple (0/1) D:6            Lair (5/5) D:9
 Shoals (4/4) Lair:2       Spider (4/4) Lair:3        Slime (5/5) Lair:5
    Orc (2/2) D:9             Elf (0/3) Orc:2        Vaults (4/5) D:14
  Crypt (1/3) Vaults:3     Depths (4/4) D:15            Zot (5/5) Depths:4
  Sewer (visited)

Altars:
Ashenzari
Cheibriados
Dithmenos
Gozag
Kikubaaqudgha
Makhleb
Nemelex Xobeh
Okawaru
Ru
Sif Muna
Trog
Uskayaw
Vehumet
Yredelemnul
Zin
Jiyva
Lugonu

Shops:
D:3 *   D:4 *   D:7 (   D:8 *   D:12 *   D:13 [   Orc:2 ??((   Shoals:2 =
Shoals:3 :   Vaults:4 !   Depths:2 !   Depths:3 [*

Portals:
Hell: Depths:1 Depths:2 Depths:3 Depths:4
Abyss: Lair:5 Depths:3
Pandemonium: Depths:2
Ziggurat: Depths:1
Trove: D:12 (give 11 potions of heal wounds)

Annotations:
D:3 Sigmund
D:6 1 exclusion
Orc:2 3 runed translucent doors, jejorda2's ghost, adept GnBe
Depths:1 1 runed translucent door


Innate Abilities, Weirdness & Mutations

You have a beak for a mouth.
You have claws for feet.
You occasionally shout uncontrollably at your foes.
You are missing a hand.
You cannot be stealthy.
You cannot study or cast Conjurations magic.
You cannot study or cast Ice magic.
You cannot study or cast Transmutations magic.
Your magical nature lets you fly swiftly and evasively.
You are sensitive to extremes of temperature. (rF-, rC-)
You sometimes lose your temper in combat.
You are robust. (+10% HP)


Message History

You fly upwards.
There is a stone staircase leading down here.
You see here 3 stones.
There is a stone staircase leading up here.
You fly upwards.
There is a stone staircase leading down here.
A hellwing and a smoke demon come into view.
Aiming: Dig
Press: ? - help, Shift-Dir - straight line A rock wall.
This square is covered in magical glow.
The rock shatters into small pieces.
There is a stone staircase leading up here.
You fly upwards.
Level annotation: Sigmund
There is a stone staircase leading down here.
(D) Dungeon (T) Temple (L) Lair (A) Shoals (N) Spider Nest (M) Slime Pits (O) Orcish Mines (E) Elven Halls (V) Vaults (C) Crypt (U) Depths (H) Hell (Z) Zot
Where to? (Enter - D:1 @ (x,y), ? - help)
There is an escape hatch in the floor here.
A green death comes into view.
The green death moves out of view.
The green death gestures at you.
You see here a +0 club.
There is a stone staircase leading up here.
You fly upwards.
There is a stone staircase leading down here.
(D) Dungeon (T) Temple (L) Lair (A) Shoals (N) Spider Nest (M) Slime Pits (O) Orcish Mines (E) Elven Halls (V) Vaults (C) Crypt (U) Depths (H) Hell (Z) Zot
Where to? (Enter - D:1 @ (x,y), ? - help)
There is a stone staircase leading up here.
You fly upwards.
There is a stone staircase leading down here.
There is an open door here.
There is a staircase leading out of the dungeon here.
You have escaped!

#......##.#####≈≈≈≈≈≈...≈≈≈≈≈
###.#####.## ######≈...≈####
#.# #(.## #≈...≈#... #.#
#...## #≈...≈#>.. #.#
##...### #≈...≈#.## #.#
#.#...#####≈≈.≈≈#..# #.#
###.###....####'####.. #>#
#.#######..# #....... #.#
#.#..@..#..####....... #.#
#.+.....'....##.##.#.# #.#
#)#..8..#.##..#.##.#.. #.#
#.+.....'.###....#[#.. #.#
#.#.....#.# ###....#.. #.#
#.##+#'##.# ####...... #.#
#......######......... #.#
#.....## #..[.#.#...# #.#
#.....# #.#.#.#)#...


There were no monsters in sight!

Vanquished Creatures
  the Royal Jelly (Slime:5)
  6 dread liches (Zot:5)
  3 orbs of fire (Zot:5)
  2 ancient liches (Zot:5)
  Sojobo (Vaults:3)
  Bai Suzhen (Vaults:3)
  5 Killer Klowns
  2 curse toes (Zot:2)
  16 golden dragons
  Nikola (Shoals:1)
  Arachne (Spider:2)
  2 electric golems (Zot:5)
  Jorgrun (Shoals:3)
  9 tentacled monstrosities
  A walking crystal tome (Depths:2)
  8 Orb Guardians (Zot:5)
  2 liches
  Rupert (Lair:3)
  14 acid blobs (Slime:5)
  2 quicksilver dragons
  The ghost of Notoschet the Severer, an adept DsFi of Gozag (Depths:4)
  3 titans
  6 death cobs
  4 tengu reavers
  Polyphemus (Shoals:4)
  Kirke (Shoals:3)
  8 shadow dragons
  Roxanne (Shoals:4)
  9 storm dragons
  4 draconian monks
  11 azure jellies
  Ilsuiw (Shoals:4)
  2 nagarajas (Vaults:2)
  4 fire giants
  Louise (Spider:3)
  14 vault wardens
  9 rockslimes
  8 frost giants
  9 emperor scorpions
  3 draconian knights
  An iron dragon (Depths:4)
  2 orc warlords
  3 draconian scorchers
  A ghost moth (shapeshifter) (Depths:4)
  A balrug (Depths:1)
  6 draconian stormcallers
  5 ghost moths
  5 draconian shifters
  A spriggan defender (Depths:3)
  A juggernaut zombie (Depths:2)
  3 war gargoyles
  19 ironbound preservers
  2 vampire knights
  6 ironbound thunderhulks
  5 formless jellyfish
  A broodmother (Lair:3)
  9 quicksilver oozes
  21 very ugly things
  6 stone giants
  4 draconian annihilators
  9 green draconians
  7 black draconians
  2 demonspawn black suns (Depths:3)
  3 deep elf annihilators
  5 purple draconians
  13 red draconians
  10 dire elephants
  4 yellow draconians
  3 white draconians
  5 spark wasps
  Snorg (D:11)
  The ghost of GormonGrimm the Tainter, a journeyman NaVM of Okawaru (Lair:2)
  5 merfolk impalers
  2 crystal guardians
  14 great orbs of eyes
  5 ettins
  7 merfolk javelineers
  5 entropy weavers
  A deep elf high priest (Vaults:3)
  7 fire dragons
  Josephine (Lair:4)
  A jiangshi (Vaults:3)
  13 yaktaur captains
  14 ice dragons
  4 spriggan air magi
  Fannar (D:10)
  6 hydras
  A catoblepas (Shoals:3)
  15 vault guards
  4 peacekeepers
  8 ironbound frosthearts
  2 merfolk avatars (Shoals:4)
  An ogre mage (D:11)
  A hell beast (Depths:2)
  4 radroaches
  2 death knights
  Erica (D:9)
  9 centaur warriors
  The ghost of BlueFish the Trooper, a novice DrAr of Vehumet (D:9)
  7 merfolk aquamancers
  5 deep troll shamans
  4 orc high priests (Orc:2)
  3 satyrs
  4 tengu warriors
  7 deep troll earth magi
  The ghost of drugrobin the Cruncher, a novice DgDe (D:9)
  4 boulder beetles
  A vampire mage (Vaults:2)
  A thrashing horror (Lair:5)
  18 death yaks
  3 spriggan berserkers
  9 demonic crawlers
  A spriggan (Depths:3)
  A hell knight (D:11)
  2 sun demons (Depths:1)
  A shadow wraith (Vaults:2)
  A skeletal warrior (D:11)
  6 skysharks
  A pharaoh ant (Lair:3)
  6 iron trolls
  2 sun moths (Spider:3)
  A sea snake (shapeshifter) (Lair:5)
  A death drake (Zot:2)
  74 deep trolls
  14 sea snakes
  4 flayed ghosts
  3 orb spiders
  2 glowing orange brains
  19 ironbound convokers
  9 steelbarb worms
  5 wizards
  2 phantasmal warriors (Depths:1)
  2 necromancers
  8 lindwurms
  A frost giant zombie (Vaults:3)
  3 shining eyes
  34 ugly things
  A wolf spider (shapeshifter) (D:14)
  A stone giant zombie (Vaults:3)
  5 orc knights
  12 fauns
  An orc sorcerer (Orc:2)
  2 shining eyes (shapeshifter)
  5 cyclopes
  15 manticores
  11 wolf spiders
  26 moths of wrath
  8 merfolk sirens
  4 water nymphs
  3 large abominations
  2 guardian serpents (shapeshifter) (D:15)
  2 black mambas
  3 rust devils (Depths:2)
  An elf zombie (Vaults:3)
  8 elephants
  A torpor snail (Spider:1)
  8 cane toads
  2 smoke demons (Lair:5)
  14 vault sentinels
  Psyche (D:8)
  An eye of devastation (Slime:5)
  An orange demon (Depths:2)
  A kobold demonologist (D:12)
  30 yaktaurs
  A freezing wraith (Crypt:1)
  4 tengu conjurers
  3 komodo dragons
  2 efreet
  2 ancient zymes (Lair:5)
  4 trolls
  2 red devils (Depths:2)
  19 merfolk
  2 polar bears (Lair:5)
  9 meliai
  A troll (shapeshifter) (Vaults:2)
  19 tarantellas
  2 hornets
  6 wind drakes
  21 blink frogs
  28 dream sheep
  12 snapping turtles
  A frost giant simulacrum (Depths:2)
  A shadow (D:11)
  16 jumping spiders
  7 wraiths
  2 flying skulls
  93 slime creatures
  2 centaur simulacra
  A ynoxinul (Lair:5)
  5 water elementals
  20 culicivoras
  33 yaks
  12 fire elementals
  2 chaos spawn
  6 hogs (Shoals:3)
  4 golden eyes (Slime:2)
  6 basilisks
  A golden eye (shapeshifter) (D:15)
  10 vampire mosquitoes
  A neqoxec (Depths:2)
  A steam dragon (D:8)
  16 humans
  52 redbacks
  2 wargs
  An acid dragon (D:12)
  4 water moccasins
  6 floating eyes
  A glowing shapeshifter skeleton (Depths:2)
  4 small abominations
  19 orc warriors
  A swamp drake (shapeshifter) (Depths:3)
  4 ogres
  6 wolves
  4 centaurs (Lair:5)
  A human skeleton (Vaults:3)
  10 bullfrogs
  2 gnoll sergeants
  2 nameless horrors
  A howler monkey (D:13)
  2 electric eels (D:11)
  24 orc priests
  21 orc wizards
  7 gnolls
  An adder (D:2)
  An ufetubus (Sewer)
  25 orcs
  2 ball pythons
  An endoplasm (D:1)
  2 giant cockroaches
  2 goblins
  2 hobgoblins (D:1)
  4 jackals
  5 bats
  A frilled lizard (D:3)
  A giant cockroach zombie (Sewer)
  6 kobolds
  2 rats
1524 creatures vanquished.

Vanquished Creatures (collateral kills)
  2 dread liches (Zot:5)
  An ancient lich (Zot:5)
  A golden dragon (Zot:5)
  16 Orb Guardians (Zot:5)
  An acid blob (Slime:5)
  2 death cobs (Zot:4)
  A shadow dragon (Zot:5)
  An eldritch tentacle (Zot:5)
  A storm dragon (Zot:5)
  An azure jelly (Slime:5)
  A draconian scorcher (Zot:5)
  2 black draconians (Zot:4)
  A yellow draconian (Zot:4)
  A purple draconian (Zot:4)
  The ghost of LynnLen the Imperceptible, a journeyman SpEn of Dithmenos (Spider:2)
  A great orb of eyes (Slime:5)
  2 hydras
  Erolcha (D:9)
  2 two-headed ogres (D:9)
  7 death yaks
  A thrashing horror (Lair:5)
  An iron troll (Vaults:2)
  3 deep trolls
  An ugly thing (Lair:5)
  3 moths of wrath
  A merfolk siren (Lair:2)
  3 black mambas
  5 elephants
  2 cane toads
  A vault sentinel (Vaults:2)
  A kobold demonologist (D:10)
  2 smoke demons (Lair:5)
  A rime drake (Lair:1)
  2 komodo dragons
  An unseen horror (D:11)
  A troll (D:9)
  Grinder (D:3)
  4 blink frogs
  6 dream sheep
  21 slime creatures
  4 jumping spiders
  2 flying skulls
  A culicivora (Lair:3)
  3 wraiths
  5 wyverns
  A spriggan (Lair:5)
  A basilisk (Lair:5)
  21 yaks
  3 fire elementals (Zot:3)
  A steam dragon (D:8)
  4 redbacks
  2 vampire mosquitoes (D:11)
  8 water moccasins
  2 black bears
  8 orc warriors
  An ice beast (D:6)
  A sky beast (D:7)
  A boggart (D:14)
  10 wolves
  An ogre (D:6)
  2 centaurs
  2 kobold brigands (Sewer)
  A nameless horror (D:9)
  7 bullfrogs
  2 scorpions
  4 gnoll sergeants
  4 small abominations (Lair:5)
  3 wights (D:9)
  7 killer bees
  3 howler monkeys
  An electric eel (Lair:3)
  A quasit (Sewer)
  A sleepcap (D:4)
  4 hounds
  7 orc priests
  2 jellies
  3 iguanas
  9 orc wizards
  Terence (D:3)
  8 gnolls
  11 adders
  4 shadow imps
  A white imp (D:5)
  8 ufetubi
  An adder zombie (Sewer)
  2 worms
  4 dart slugs
  44 orcs
  10 endoplasms
  5 giant cockroaches
  7 goblins
  3 hobgoblins
  6 jackals
  4 quokkas (D:3)
  10 ball pythons
  7 bats
  3 frilled lizards (D:1)
  15 kobolds
  4 rats
408 creatures vanquished.

Vanquished Creatures (others)
  11 eldritch tentacles (Zot:5)
  A draconian monk (Zot:2)
  A draconian scorcher (Zot:4)
  A rockslime (Slime:5)
  A white draconian (Zot:3)
  A black draconian (Zot:3)
  A death yak (Lair:4)
  2 deep trolls
  A cane toad (Lair:4)
  A jumping spider (Spider:3)
  3 slime creatures
  A human (D:14)
  A yak (Lair:5)
  A wolf (Lair:2)
  A gnoll (D:13)
  An orc (Orc:2)
  A bat (D:3)
  An endoplasm (Sewer)
31 creatures vanquished.

Grand Total: 1963 creatures vanquished

Notes
Turn   | Place    | Note
-------+----------+-------------------------------------------
     0 | D:1      | Midn8 the Tengu Summoner began the quest for the Orb.
     0 | D:1      | Reached XP level 1. HP: 10/10 MP: 4/4
    73 | D:1      | Reached skill level 5 in Summonings
    89 | D:1      | Found a faded altar of an unknown god.
   121 | D:1      | Reached XP level 2. HP: 10/15 MP: 4/6
   147 | D:1      | Prayed at the altar of an unknown god.
   147 | D:1      | Became a worshipper of Ru the Awakened
   160 | D:1      | Gained mutation: You are sensitive to extremes of
                  | temperature. (rF-, rC-) [Ru sacrifice]
   160 | D:1      | Reached * piety under Ru
   160 | D:1      | Reached ** piety under Ru
   196 | D:1      | Learned a level 2 spell: Call Imp
   456 | D:1      | Reached XP level 3. HP: 12/19 MP: 3/7
   496 | D:1      | Learned a level 3 spell: Call Canine Familiar
  1154 | D:2      | Reached XP level 4. HP: 24/24 MP: 4/8
  1791 | D:2      | Reached skill level 1 in Fighting
  2019 | D:3      | Identified a scroll of acquirement
  2019 | D:3      | Acquired the ring "Gail Kur" {Ice Int+6}
  2122 | D:3      | Noticed a scorpion
  2172 | D:3      | Found a glowing drain.
  2205 | Sewer    | Entered a sewer
  2209 | Sewer    | Gained mutation: Your magical nature lets you fly swiftly
                  | and evasively. [Tengu growth]
  2209 | Sewer    | Reached XP level 5. HP: 30/30 MP: 9/9
  2226 | Sewer    | Reached skill level 2 in Fighting
  2331 | Sewer    | Found a burning altar of Makhleb.
  2333 | Sewer    | Noticed a kobold brigand
  2439 | Sewer    | Killed a kobold brigand
  2440 | Sewer    | Reached skill level 3 in Fighting
  2440 | Sewer    | Reached XP level 6. HP: 37/37 MP: 2/11
  2956 | D:3      | Found Plog's Assorted Antiques.
  2963 | D:3      | Noticed Grinder
  2983 | D:3      | Killed Grinder
  2984 | D:3      | Reached XP level 7. HP: 41/41 MP: 8/14
  3003 | D:3      | Learned a level 4 spell: Summon Lightning Spire
  3159 | D:3      | Noticed Terence
  3162 | D:3      | Killed Terence
  3365 | D:3      | Found an iron altar of Okawaru.
  3475 | D:3      | Noticed Sigmund
  4209 | D:4      | Found Xisarukk's Assorted Antiques.
  4220 | D:4      | Bought a shimmering bone ring for 100 gold pieces
  4220 | D:4      | Identified the ring of Ceam {Will+ Str+6} (You bought it in
                  | a shop on level 4 of the Dungeon)
  4386 | D:4      | Reached skill level 5 in Air Magic
  4396 | D:4      | Reached XP level 8. HP: 46/46 MP: 10/15
  4965 | D:5      | Entered Level 5 of the Dungeon
  4965 | D:5      | Found a glowing silver altar of Zin.
  4975 | D:4      | Reached skill level 4 in Fighting
  5162 | D:5      | Gained mutation: You cannot study or cast Ice magic. [Ru
                  | sacrifice]
  5162 | D:5      | Gained mutation: You cannot study or cast Transmutations
                  | magic. [Ru sacrifice]
  5162 | D:5      | Gained mutation: You cannot study or cast Conjurations
                  | magic. [Ru sacrifice]
  5162 | D:5      | Reached *** piety under Ru
  5231 | D:5      | Found a shadowy altar of Dithmenos.
  5239 | D:5      | Found a basalt altar of Yredelemnul.
  5244 | D:5      | Found a sacrificial altar of Ru.
  5245 | D:5      | Found a bloodstained altar of Trog.
  5251 | D:5      | Found an opulent altar of Gozag.
  5252 | D:5      | Found a broken altar of Ashenzari.
  5470 | D:5      | Reached skill level 5 in Fighting
  5842 | D:6      | Reached skill level 6 in Fighting
  6029 | D:5      | Found a burning altar of Makhleb.
  6029 | D:5      | Noticed a balrug
  6032 | D:5      | Noticed an orange demon
  6228 | D:6      | Found a staircase to the Ecumenical Temple.
  6796 | D:7      | Found Xytur's Weapon Shoppe.
  6849 | D:7      | Reached XP level 9. HP: 55/55 MP: 12/16
  7429 | D:8      | Found a snail-covered altar of Cheibriados.
  7438 | D:8      | You are sucked into a shaft and drop 3 floors!
  7511 | D:11     | Reached skill level 7 in Fighting
  7578 | D:10     | Entered Level 10 of the Dungeon
  7718 | D:10     | Reached skill level 8 in Fighting
  7720 | D:10     | Reached skill level 1 in Evocations
  7802 | D:10     | Noticed Fannar
  7808 | D:10     | Gained mutation: You are missing a hand. [Ru sacrifice]
  7808 | D:10     | Reached **** piety under Ru
  7808 | D:10     | Reached ***** piety under Ru
  7815 | D:10     | Killed Fannar
  7816 | D:10     | Reached skill level 5 in Evocations
  8025 | D:11     | Killed an unseen horror
  8026 | D:11     | Reached skill level 5 in Spellcasting
  8026 | D:11     | Reached XP level 10. HP: 35/64 MP: 14/18
  8180 | D:10     | Noticed a kobold demonologist
  8393 | D:10     | Found a radiant altar of Vehumet.
  8516 | D:9      | Found a staircase to the Orcish Mines.
  8570 | D:9      | Noticed Erolcha
  8619 | D:9      | Killed Erolcha
  8928 | D:9      | Noticed a centaur warrior
  8942 | D:9      | Killed a centaur warrior
  8943 | D:9      | Reached skill level 10 in Summonings
  8993 | D:9      | Noticed a five-headed hydra
  9101 | D:9      | Noticed Erica
  9197 | D:9      | Reached skill level 10 in Air Magic
  9603 | D:8      | Reached skill level 1 in Short Blades
  9603 | D:8      | Reached XP level 11. HP: 57/68 MP: 10/21
 10076 | D:8      | Reached skill level 5 in Dodging
 10128 | D:8      | Found Ofamib's Gadget Gallery.
 10143 | D:8      | Bought a wand of flame (5) for 56 gold pieces
 10301 | D:8      | Noticed Psyche
 10302 | D:8      | Killed Psyche
 10396 | D:8      | Learned a level 6 spell: Plasma Beam
 10529 | D:8      | Gained mutation: You occasionally shout uncontrollably at
                  | your foes. [Ru sacrifice]
 10574 | D:9      | Found a runed translucent gate.
 10574 | D:9      | Found a runed translucent gate.
 10574 | D:9      | Found a runed translucent gate.
 10575 | D:9      | Noticed drugrobin's ghost (novice DgDe)
 10576 | D:9      | Noticed BlueFish's ghost (novice DrAr)
 10584 | D:9      | Noticed a two-headed ogre
 10614 | D:9      | Killed a two-headed ogre
 10757 | D:9      | Found a staircase to the Lair.
 10765 | D:9      | Reached skill level 9 in Fighting
 11431 | D:9      | Killed a five-headed hydra
 11432 | D:9      | Reached skill level 10 in Fighting
 11515 | D:9      | Killed Erica
 11941 | D:9      | Noticed a two-headed ogre
 11956 | D:9      | Killed a two-headed ogre
 12010 | D:9      | Reached skill level 1 in Fire Magic
 12537 | D:9      | Identified the ring of Yvir {Fly Int+3}
 13133 | D:10     | Found a shimmering blue altar of Sif Muna.
 13204 | Lair:1   | Entered Level 1 of the Lair of Beasts
 13378 | Lair:1   | Reached XP level 12. HP: 45/77 MP: 13/22
 13381 | Lair:1   | Reached skill level 5 in Fire Magic
 13604 | Lair:1   | Gained mutation: You cannot be stealthy. [Ru sacrifice]
 13604 | Lair:1   | Reached ****** piety under Ru
 14009 | Lair:2   | Found a staircase to the Shoals.
 14310 | Lair:2   | Noticed a death yak
 14310 | Lair:2   | Noticed a death yak
 14311 | Lair:2   | Noticed a death yak
 14312 | Lair:2   | Noticed a death yak
 14313 | Lair:2   | Killed a death yak
 14313 | Lair:2   | Killed a death yak
 14314 | Lair:2   | Killed a death yak
 14315 | Lair:2   | Noticed a death yak
 14320 | Lair:2   | Killed a death yak
 14416 | Lair:2   | Killed a death yak
 14417 | Lair:2   | Reached skill level 10 in Fire Magic
 14612 | Lair:2   | Found a runed translucent gate.
 14612 | Lair:2   | Found a runed translucent gate.
 14612 | Lair:2   | Found a runed translucent gate.
 14615 | Lair:2   | Noticed GormonGrimm's ghost (journeyman NaVM)
 14626 | Lair:2   | Noticed a 13-headed hydra
 14627 | Lair:2   | Noticed a 12-headed hydra
 14841 | Lair:2   | Killed GormonGrimm's ghost
 14843 | Lair:2   | Killed a 13-headed hydra
 14844 | Lair:2   | Reached XP level 13. HP: 71/82 MP: 9/23
 15541 | Lair:3   | Reached skill level 15 in Air Magic
 15791 | Lair:3   | Noticed Rupert
 15813 | Lair:3   | Killed Rupert
 16416 | Lair:3   | Found a hole to the Spider Nest.
 16516 | Lair:3   | Reached skill level 11 in Fighting
 17550 | Lair:4   | Reached skill level 12 in Fighting
 17723 | Lair:4   | Reached XP level 14. HP: 68/92 MP: 11/24
 18418 | Lair:4   | Reached skill level 10 in Dodging
 18650 | Lair:4   | Noticed Josephine
 18655 | Lair:4   | Killed Josephine
 18755 | Lair:4   | You are sucked into a shaft and drop 1 floor!
 18755 | Lair:5   | Entered Level 5 of the Lair of Beasts
 19741 | Lair:5   | Learned a level 8 spell: Maxwell's Capacitive Coupling
 20676 | Lair:5   | Found a hide-covered altar of Uskayaw.
 22067 | Lair:5   | Reached XP level 15. HP: 96/96 MP: 13/26
 23138 | Lair:5   | Identified the +3 barding of Pedeffus {rPois Regen+}
 23141 | Lair:5   | Found a viscous altar of Jiyva.
 23142 | Lair:5   | Found a staircase to the Slime Pits.
 23204 | Lair:5   | Reached skill level 1 in Armour
 23938 | Lair:5   | Identified the +0 chain mail "Sulengamp" {+Inv rN+ Str-2
                  | SInv}
 23942 | Lair:5   | Found a corrupted altar of Lugonu.
 23942 | Lair:5   | Found a one-way gate to the infinite horrors of the Abyss.
 24187 | D:11     | Reached skill level 5 in Armour
 24503 | D:11     | Noticed Snorg
 24507 | D:11     | Killed Snorg
 24645 | D:11     | Identified the amulet "Oryir" {Regen+ Str+5}
 25896 | D:12     | Found a portal to a secret trove of treasure.
 26099 | D:12     | Found an opulent altar of Gozag.
 26099 | D:12     | Found Gozag's Platinum Reserve.
 26124 | D:12     | Reached skill level 13 in Fighting
 26791 | D:13     | Found Edureaf's Antique Armour Shoppe.
 27093 | D:3      | Bought a brightly glowing ring mail for 198 gold pieces
 27093 | D:3      | Identified the +0 ring mail of the Storm King {Str+3} (You
                  | bought it in a shop on level 3 of the Dungeon)
 27246 | D:8      | Bought a tin of tremorstones (2/2) for 640 gold pieces
 28714 | D:14     | Identified the +4 war axe of Perfectionism {freeze, rN+
                  | Dex+2}
 28780 | D:14     | Reached skill level 14 in Fighting
 29028 | D:14     | Reached XP level 16. HP: 106/106 MP: 11/29
 29841 | D:14     | Found a gate to the Vaults.
 30151 | D:15     | Entered Level 15 of the Dungeon
 30434 | D:15     | Reached skill level 10 in Spellcasting
 30591 | Orc:1    | Entered Level 1 of the Orcish Mines
 31007 | D:9      | Killed BlueFish's ghost
 31014 | D:9      | Killed drugrobin's ghost
 31400 | Orc:2    | Entered Level 2 of the Orcish Mines
 31400 | Orc:2    | Found a staircase to the Elven Halls.
 32940 | Orc:2    | Found a runed translucent gate.
 32940 | Orc:2    | Found a runed translucent gate.
 32940 | Orc:2    | Found a runed translucent gate.
 32940 | Orc:2    | Noticed jejorda2's ghost (adept GnBe)
 33873 | Orc:2    | Found Boedues's Magic Scroll Boutique.
 33873 | Orc:2    | Found Uceoseyn's Magic Scroll Boutique.
 33874 | Orc:2    | Found Tonlir's Antique Weapon Shop.
 33878 | Orc:2    | Found Demuyros's Antique Weapon Shop.
 33881 | Orc:2    | Bought a scroll of blinking for 112 gold pieces
 33881 | Orc:2    | Bought a scroll of fear for 60 gold pieces
 33881 | Orc:2    | Bought a scroll of teleportation for 45 gold pieces
 33882 | Orc:2    | Bought a scroll of teleportation for 33 gold pieces
 33883 | Orc:2    | Bought an ichor-stained falchion for 232 gold pieces
 33883 | Orc:2    | Identified the +4 falchion of Okawaru's Reproof {drain,
                  | Int-2 Dex+3 Stlth+} (You bought it in a shop on level 2 of
                  | the Orcish Mines)
 34466 | Spider:1 | Entered Level 1 of the Spider Nest
 34474 | Lair:3   | Reached skill level 10 in Evocations
 36514 | Spider:2 | Noticed Arachne
 36518 | Spider:2 | Killed Arachne
 36675 | Spider:1 | Reached skill level 1 in Staves
 37447 | Spider:2 | Found a large runed translucent door.
 37447 | Spider:2 | Found a large runed translucent door.
 37458 | Spider:2 | Noticed LynnLen's ghost (journeyman SpEn)
 37524 | Spider:2 | Killed LynnLen's ghost
 37580 | Spider:2 | Identified the amulet of Usyn {Spirit rPois Int+3}
 37625 | Spider:3 | Noticed Louise
 37632 | Spider:2 | Reached XP level 17. HP: 88/111 MP: 6/32
 37764 | Spider:2 | Reached skill level 5 in Staves
 38025 | Spider:3 | Killed Louise
 39892 | Spider:4 | Entered Level 4 of the Spider Nest
 42574 | Spider:4 | Identified the +1 pair of gloves of Gehenna {rCorr Int+6}
 42579 | Spider:4 | Identified the +2 pair of gloves of the Wonderful God {Fly
                  | rElec rC+}
 42594 | Spider:4 | Got a gossamer rune of Zot
 42859 | Shoals:1 | Entered Level 1 of the Shoals
 43317 | Shoals:1 | Noticed Nikola
 43320 | Shoals:1 | Killed Nikola
 44016 | Shoals:2 | Reached XP level 18. HP: 116/116 MP: 13/35
 45202 | Shoals:2 | Found Sereik's Jewellery Shop.
 45317 | Shoals:2 | Identified the ring of Ziblotah {rF+ AC+4 Str+3 Int+3
                  | Stlth-}
 45852 | Shoals:3 | Found Piag's Book Boutique.
 46248 | Shoals:3 | Noticed Kirke
 46361 | Shoals:3 | Killed Kirke
 46362 | Shoals:3 | Reached skill level 15 in Fighting
 46575 | D:8      | Bought a sack of spiders for 640 gold pieces
 47048 | Shoals:3 | Noticed Jorgrun
 47063 | Shoals:3 | Killed Jorgrun
 48401 | Shoals:4 | Entered Level 4 of the Shoals
 48631 | Shoals:4 | Noticed Polyphemus
 48826 | Shoals:4 | Killed Polyphemus
 48838 | Shoals:3 | Reached skill level 16 in Fighting
 48944 | Shoals:4 | Noticed Ilsuiw
 49554 | Shoals:4 | Identified the amulet "Enlueza" {Acrobat Dex+3}
 50495 | Shoals:4 | Reached skill level 17 in Fighting
 51032 | Shoals:4 | Noticed Roxanne
 51036 | Shoals:4 | Killed Roxanne
 51201 | Shoals:4 | Got a barnacled rune of Zot
 51392 | Shoals:4 | Killed Ilsuiw
 52366 | Vaults:1 | Entered Level 1 of the Vaults
 52381 | Vaults:1 | Reached XP level 19. HP: 129/129 MP: 12/36
 52690 | Vaults:1 | Reached skill level 18 in Fighting
 53614 | Vaults:1 | Identified the ring "Seudesu" {Fly rN+ Int+2}
 54159 | Vaults:1 | Learned a level 4 spell: Passage of Golubria
 54536 | Vaults:1 | Reached skill level 1 in Translocations
 55853 | Vaults:2 | Reached skill level 5 in Translocations
 57209 | Vaults:2 | Reached XP level 20. HP: 136/136 MP: 8/37
 58480 | Vaults:2 | Reached skill level 19 in Fighting
 58631 | Vaults:2 | Identified the ring "Elezargh" {rPois rF+ Will+ rCorr
                  | Dex+4}
 60458 | Vaults:2 | Identified the +11 dagger of the Vendetta {heavy, Drain
                  | rPois Int+4 Dex+2}
 60916 | Vaults:3 | Reached skill level 20 in Fighting
 60925 | Vaults:3 | Noticed Sojobo
 62001 | Vaults:3 | Noticed Bai Suzhen
 62006 | Vaults:3 | Killed Bai Suzhen
 62504 | Vaults:3 | Reached XP level 21. HP: 84/132 MP: 6/38
 62505 | Vaults:3 | Killed Sojobo
 63415 | Vaults:3 | Found a staircase to the Crypt.
 63415 | Vaults:3 | Found an ancient bone altar of Kikubaaqudgha.
 63447 | Vaults:3 | Found a basalt altar of Yredelemnul.
 63536 | Vaults:3 | Reached skill level 15 in Evocations
 64522 | Abyss:2  | Found a corrupted altar of Lugonu.
 64522 | Abyss:2  | Cast into level 2 of the Abyss (a wizard)
 64528 | Abyss:2  | Found a corrupted altar of Lugonu.
 64542 | Vaults:4 | Escaped the Abyss
 64894 | Vaults:4 | Found Milokomo's Distillery.
 64902 | Vaults:4 | Learned a level 6 spell: Summon Cactus Giant
 64911 | Vaults:4 | Bought a potion of heal wounds for 70 gold pieces
 64911 | Vaults:4 | Bought a potion of heal wounds for 70 gold pieces
 66255 | D:13     | Bought a smoking scale mail for 288 gold pieces
 66255 | D:13     | Identified the +8 scale mail of Zoom {Stlth+} (You bought
                  | it in a shop on level 13 of the Dungeon)
 66409 | D:8      | Bought a piece from Xom's chessboard (15/15) for 320 gold
                  | pieces
 66409 | D:8      | Bought a lightning rod (4/4) for 480 gold pieces
 66756 | D:15     | Identified the +0 leather armour "Gigg" {Fly rC- Int+7}
 67053 | D:15     | Found a staircase to the Depths.
 67269 | D:15     | Found an ancient bone altar of Kikubaaqudgha.
 67522 | Depths:1 | Entered Level 1 of the Depths
 67606 | Depths:1 | Reached skill level 21 in Fighting
 68140 | Depths:1 | Found a gateway to Hell.
 68628 | Depths:1 | Noticed a golden dragon
 68628 | Depths:1 | Noticed a juggernaut
 68630 | Depths:1 | Found a runed translucent door.
 69138 | Depths:1 | Found a one-way gateway to a ziggurat.
 69568 | Depths:2 | Reached skill level 22 in Fighting
 69738 | Depths:2 | Noticed a golden dragon
 69937 | Depths:1 | Reached XP level 22. HP: 73/156 MP: 4/39
 70241 | Depths:2 | Paralysed by a floating eye for 3 turns
 70456 | Depths:2 | Identified the ring of Xauxuytz {rPois rCorr}
 70539 | Depths:2 | Killed a golden dragon
 70680 | Depths:2 | Identified the ring of Akees {rElec Str+2 Int+6 Slay+2
                  | Stlth+}
 70684 | Depths:2 | Identified the ring of Peguot {rElec AC+4}
 71098 | Depths:2 | Reached skill level 15 in Dodging
 71469 | Depths:2 | Found a sparkling altar of Nemelex Xobeh.
 71672 | Depths:2 | Identified the amulet of Funosev {Faith +Inv rElec Will++
                  | Str-4}
 71705 | Depths:2 | Found Jirueh's Distillery.
 71713 | Depths:2 | Bought a potion of heal wounds for 120 gold pieces
 71723 | Depths:2 | Identified the scarf of Discretion {harm, rElec rPois Str+2
                  | Dex+3}
 72196 | Depths:2 | Found a one-way gate leading to the halls of Pandemonium.
 72684 | Depths:3 | Found Vilyizeu's General Store.
 72684 | Depths:3 | Found Qecap's Armour Boutique.
 73241 | Depths:3 | Reached skill level 10 in Armour
 73895 | Depths:3 | Identified the ring of Waput {Fire Will- Int+5}
 74380 | Depths:4 | Entered Level 4 of the Depths
 74735 | Depths:4 | Found a gate to the Realm of Zot.
 74753 | Depths:4 | Noticed a golden dragon
 74757 | Depths:4 | Killed a golden dragon
 74832 | Depths:4 | Found a runed translucent door.
 74835 | Depths:4 | Noticed Notoschet's ghost (adept DsFi)
 74927 | Depths:4 | Noticed a golden dragon
 74931 | Depths:4 | Killed a golden dragon
 75719 | Depths:4 | Found a radiant altar of Vehumet.
 75722 | Depths:4 | Identified the +1 robe of Zin's Vengeance {Will++}
 76723 | Depths:4 | Killed Notoschet's ghost
 77092 | Crypt:1  | Entered Level 1 of the Crypt
 77700 | Slime:1  | Entered Level 1 of the Pits of Slime
 77939 | Slime:1  | Reached XP level 23. HP: 162/162 MP: 36/40
 79176 | Slime:3  | Paralysed by a floating eye for 3 turns
 79184 | Slime:2  | Paralysed by a floating eye for 2 turns
 79409 | Slime:5  | Entered Level 5 of the Pits of Slime
 79665 | Slime:5  | Paralysed by a floating eye for 2 turns
 80564 | Slime:5  | Noticed the Royal Jelly
 80568 | Slime:5  | Killed the Royal Jelly
 81478 | Slime:5  | Identified the ring "Huxt" {Fly rCorr Dex+5}
 81486 | Slime:5  | Identified the +2 battleaxe of the Boar {heavy, rCorr
                  | Int+3}
 81487 | Slime:5  | Identified the +6 long sword of Tender Mercy {drain, Dex+3}
 81489 | Slime:5  | Got a slimy rune of Zot
 81494 | Slime:5  | Identified the ring "Olaa" {rF+ Stlth+}
 81513 | Slime:5  | Identified the +0 scale mail of Fuupp {rElec rF+ Str-4
                  | Int+3}
 81989 | Zot:1    | Entered Level 1 of the Realm of Zot
 81989 | Zot:1    | Noticed a golden dragon
 81989 | Zot:1    | Noticed a curse toe
 81990 | Zot:1    | Noticed a golden dragon
 81993 | Zot:2    | Noticed a golden dragon
 82010 | Zot:2    | Killed a golden dragon
 82859 | Zot:1    | Killed a golden dragon
 83020 | Zot:2    | Killed a golden dragon
 83040 | Zot:2    | Noticed a golden dragon
 83187 | Zot:2    | Killed a curse toe
 83306 | Zot:2    | Noticed a golden dragon
 83315 | Zot:2    | Killed a golden dragon
 83570 | Zot:1    | Noticed a Killer Klown
 83583 | Zot:1    | Killed a Killer Klown
 83592 | Zot:1    | Reached skill level 23 in Fighting
 84093 | Zot:1    | Noticed a Killer Klown
 84097 | Zot:1    | Killed a Killer Klown
 84098 | Zot:1    | Reached XP level 24. HP: 164/167 MP: 33/40
 84960 | Zot:1    | Noticed a Killer Klown
 84966 | Zot:1    | Killed a Killer Klown
 85925 | Zot:2    | Reached skill level 24 in Fighting
 86002 | Zot:3    | Noticed a curse toe
 87918 | Zot:2    | Killed a curse toe
 88686 | Zot:5    | Entered Level 5 of the Realm of Zot
 89538 | Zot:5    | Noticed an ancient lich
 89541 | Zot:5    | Killed an ancient lich
 89606 | Zot:5    | Noticed a Killer Klown
 89611 | Zot:5    | Noticed an orb of fire
 89612 | Zot:5    | Killed a Killer Klown
 89616 | Zot:5    | Killed an orb of fire
 89707 | Zot:5    | Noticed a dread lich
 89712 | Zot:5    | Killed a dread lich
 89713 | Zot:5    | Reached skill level 15 in Summonings
 89868 | Zot:5    | Learned a level 7 spell: Malign Gateway
 89871 | Zot:5    | Noticed an ancient lich
 89875 | Zot:5    | Killed an ancient lich
 89876 | Zot:5    | Reached XP level 25. HP: 180/180 MP: 33/40
 89915 | Zot:5    | Noticed an orb of fire
 89915 | Zot:5    | Gained mutation: You are robust. (+10% HP) [an orb of fire]
 89926 | Zot:5    | Gained mutation: You sometimes lose your temper in combat.
                  | [an orb of fire]
 89927 | Zot:5    | Killed an orb of fire
 89928 | Zot:5    | Reached skill level 10 in Translocations
 89985 | Zot:5    | Noticed an orb of fire
 89989 | Zot:5    | Killed an orb of fire
 90468 | Zot:5    | Noticed a dread lich
 90489 | Zot:5    | Killed a dread lich
 90583 | Zot:5    | Noticed a dread lich
 90588 | Zot:5    | Killed a dread lich
 91060 | Zot:5    | Noticed a dread lich
 91061 | Zot:5    | Noticed a Killer Klown
 91066 | Zot:5    | Killed a Killer Klown
 91067 | Zot:5    | Killed a dread lich
 91067 | Zot:5    | Noticed a dread lich
 91072 | Zot:5    | Killed a dread lich
 91603 | Zot:5    | Noticed a dread lich
 91611 | Zot:5    | Killed a dread lich
 91724 | Zot:5    | Noticed an ancient lich
 91734 | Zot:5    | Killed an ancient lich
 91744 | Zot:5    | Noticed a dread lich
 91746 | Zot:5    | Killed a dread lich
 92040 | Zot:5    | Noticed a dread lich
 92041 | Zot:5    | Paralysed by a dread lich for 3 turns
 92050 | Zot:5    | Killed a dread lich
 92493 | Zot:5    | Got the Orb of Zot
 92684 | Zot:1    | Reached skill level 25 in Fighting
 92930 | D:11     | Noticed Muihykkona the pandemonium lord
 93131 | D:$      | Escaped with the Orb!

Illustrated notes

Levels and vault maps discovered:
D:1:      minmay_arrival_solitary_statue, layout_rooms,
          chequers_ecumenical_altar_simple_redux, kennysheep_minor_cross
D:2:      layout_loops_ring, chequers_decorated_corner
D:3:      minmay_chambers_of_threes, layout_basic,
          nicolae_overflow_crystal_walls, serial_shops, shop,
          gup_sewer_entry_pipe, roderic_roman_lattice, skrybe_limestone_x,
          uniq_sigmund, uniq_terence, uniq_grinder
D:4:      layout_cave_pods, serial_shops, nicolae_shop_rolling_square,
          grunt_ministairs_11
D:5:      layout_rooms, makhleb_altar_promises_db,
          nicolae_overflow_hallway_of_the_gods, glass_columns_b
D:6:      layout_loops_ring, minmay_temple_entry_wispy,
          kennysheep_generic_room_12
D:7:      layout_basic, serial_shops, nicolae_shop_bloodbath_and_beyond
D:8:      layout_basic, lemuel_crystal_altar, st_stairs_3, nicolae_shop_gadgets,
          uniq_psyche
D:9:      nzn_winding_woodlands_cross [nzn_winding_woodlands_5x15_split_checker,
          nzn_winding_woodlands_5x15_cabin,
          nzn_winding_woodlands_5x15_river_crossing,
          nzn_winding_woodlands_5x15_lazy_stream,
          nzn_winding_woodlands_15x15_boxy_spiral], layout_layer_cave,
          grunt_lair_entry_orc_guard_hut, orc_0_dummy, gammafunk_ghost_cemetery,
          nicolae_letterblocks [nicolae_letter_subblock,
          nicolae_letter_subblock, nicolae_letter_subblock,
          nicolae_letter_subblock, nicolae_letter_subblock,
          nicolae_letter_subblock, nicolae_letter_subblock,
          nicolae_letter_subblock, nicolae_letter_subblock,
          nicolae_letter_subblock, nicolae_letter_subblock,
          nicolae_letter_subblock, nicolae_letter_subblock,
          nicolae_letter_subblock, nicolae_letter_subblock,
          nicolae_letter_subblock, nicolae_letter_subblock,
          nicolae_letter_subblock, nicolae_letter_subblock,
          nicolae_letter_subblock, nicolae_letter_subblock,
          nicolae_letter_subblock, nicolae_letter_subblock,
          nicolae_letter_subblock, nicolae_letter_subblock], uniq_erolcha,
          uniq_erica
D:10:     layout_cave_pools, lemuel_doored_altar,
          nicolae_sif_muna_little_library, uniq_fannar
D:11:     minmay_shrinking_squares, layout_basic, uniq_snorg
D:12:     layout_loops_ring, enter_trove_2, nicolae_gozag_zags_fifth_avenue
D:13:     layout_loops_ring, serial_shops, shop
D:14:     layout_basic, ximxim_vaults_locker_room,
          minmay_fractal_squares_gapless_5
D:15:     gammafunk_enter_depths_forms, layout_irregular_city,
          nicolae_kikubaaqudgha_miasma_corner
Lair:1:   layout_long_grid
Lair:2:   layout_long_grid, minmay_shoals_entry_lonely_mermaid,
          gammafunk_ghost_hydra_chop, grunt_megastairs_5
Lair:3:   layout_cave_pods, nicolae_spider_entry_tight_spaces,
          beast_lair_carwin_3, serial_bayou_shore_a, uniq_rupert
Lair:4:   layout_big_grid, beast_lair_carwin_1, uniq_josephine
Lair:5:   hellmonk_lair_end_abyssal_woods, layout_loops_ring, slime_entry_1,
          lemuel_centaur_altar
Shoals:1: cheibrodos_shoals_roost, layout_shoals, nicolae_shoals_gull_way,
          uniq_nikola
Shoals:2: layout_shoals, serial_shops, shop
Shoals:3: layout_shoals, serial_shops, nicolae_book_shop_shelving, uniq_jorgrun,
          uniq_kirke
Shoals:4: shoals_end_grunt_ice, layout_shoals, shoals_ilsuiw_alternative,
          yaktaur_hedge, uniq_polyphemus, uniq_roxanne
Spider:1: layout_spider_delve, drop_trap
Spider:2: layout_spider_delve, ebering_ghost_disaster_area, uniq_arachne
Spider:3: layout_spider_delve, uniq_louise
Spider:4: grunt_spider_rune_circles, hellmonk_narrow_tunnel
Slime:1:  layout_caves
Slime:2:  layout_caves
Slime:3:  layout_caves
Slime:4:  cheibrodos_slime_lost_civilization_1, layout_caves,
          nicolae_slime_barrier, nicolae_slime_phagocytosis
Slime:5:  slime_pit_nicolae_royal_road_to_ruin
Orc:1:    layout_caves, basic_altar, gammafunk_ghost_stat_death
Orc:2:    st_orc_mages, layout_caves, basic_altar, gammafunk_ghost_necromancy
Vaults:1: v_misc_8, nicolae_vaults_double_plus_2, nicolae_vaults_tetromino_T_2,
          v_rooms_5, nicolae_vaults_door_testing_chamber,
          vaults_mumra_minichess, ontoclasm_vaults_twist,
          vaults_mumra_minichess_inversion, nicolae_vaults_diamond_1,
          ontoclasm_vaults_loading_screen, nicolae_vaults_hexular_roomagon,
          nicolae_vaults_tetromino_Z_1, layout_vaults_omnicross
Vaults:2: hangedman_vaults_river_flow, v_misc_25, st_greater_box_2,
          hangedman_vaults_trim, nicolae_vaults_trapezoid_1, v_alt_pattern_6,
          hangedman_vaults_pinch, ontoclasm_vaults_spin,
          nicolae_vaults_border_crossing, nicolae_vaults_little_squares_6,
          vaults_room_hallway, layout_vaults_chaotic_city
Vaults:3: minmay_crypt_entry_necro_gods, ontoclasm_vaults_claustrophobia,
          nicolae_vaults_security_offices_6, v_misc_27,
          nicolae_vaults_network_s, nicolae_vaults_hallways_thing, v_misc_33,
          vaults_room_door_ring, nicolae_vaults_circle_grid_a,
          nicolae_vaults_three_branches, nicolae_vaults_storage_closets_3,
          vaults_room_pool, nicolae_vaults_diamond_1, nicolae_vaults_house_2,
          nicolae_vaults_closet_pinwheel_4, layout_vaults_omnibox, uniq_sojobo,
          uniq_bai_suzhen
Vaults:4: ontoclasm_vaults_gateway, nicolae_vaults_surprise_closet,
          nicolae_vaults_hexular_roomagon, nicolae_vaults_oval_intersection,
          v_misc_4, nicolae_vaults_trapezoid_2, layout_vaults_quadrants,
          serial_shops, shop
Crypt:1:  layout_basic
Depths:1: minmay_gate_of_8, layout_basic, enter_ziggurat_d,
          dreamdust_wishing_well, lightli_too_deep, glass_columns_c,
          kennysheep_just_a_vault
Depths:2: minmay_the_grid_triangle_9x9_rhombus_thin_mashed
          [minmay_the_grid_triangle_9x9_warning,
          minmay_the_grid_triangle_9x9_prize_special,
          minmay_the_grid_triangle_9x9_stretched_checkered,
          minmay_the_grid_triangle_9x9_zippers_vertical], layout_long_grid,
          grunt_pan_entry_in_and_out, chequers_jeans, serial_shops, shop,
          pf_hell_entry_great_geh, nemelex_spade_bored_becter,
          infiniplex_staircase_diamond
Depths:3: lemuel_troll_bridge, layout_gridlike, kennysheep_decorative_pillar,
          abyss_entry_small_statue_room, hell_entry, minmay_shoptagon,
          infiniplex_staircase_zigzag_4
Depths:4: evilmike_zot_entry_argh, layout_gridville, hell_entry,
          ebering_ghost_inner_flame, fiery_altar_vehumet, grunt_ministairs_8,
          uniq_josephina
Zot:1:    circus_mu, layout_onion_interference, evilmike_ambush
          [evilmike_ambush_outer_corners, evilmike_ambush_inner_basic]
Zot:2:    gammafunk_mikee_crab_dinner, layout_gridville,
          st_small_dragon_hoard_5, st_single_dragon_hoard_4
Zot:3:    lemuel_firehouse, layout_onion_interference, zot_minivault_3
Zot:4:    layout_gridville
Zot:5:    layout_basic

Skill      XL: |  1  2  3  4  5  6  7  8  9 10 11 12 13 14 15 16 17 18 19 20 21 22 23 24 25 |
---------------+----------------------------------------------------------------------------+-----
Summonings     | 5 6 7 10 13 15 19 | 19.0
Fighting       | 1 3 6 8 10 12 14 17 18 20 22 23 24 25 | 25.0
Spellcasting   | 4 5 6 7 8 10 12 | 12.0
Dodging        | 4 8 10 12 13 15 17 | 17.0
Air Magic      | 2 6 8 9 11 13 16 21 22 | 22.0
Evocations     | 5 7 8 12 13 15 16 18 | 18.0
Short Blades   | 1 |  1.7
Fire Magic     | 4 10 11 | 11.0
Stealth        | 0 |  0.0
Armour         | 5 7 11 | 11.1
Staves         | 4 6 |  6.0
Translocations | 7 8 9 11 | 11.0

Action                     |  1- 3 |  4- 6 |  7- 9 | 10-12 | 13-15 | 16-18 | 19-21 | 22-24 | 25-27 || total
---------------------------+-------+-------+-------+-------+-------+-------+-------+-------+-------++-------
  Melee: Dagger            |    14 |    42 |    26 |    58 |   121 |       |       |       |       ||   261
         Kick              |     3 |     7 |     8 |    28 |    51 |    13 |   104 |   198 |    13 ||   425
         Peck              |     2 |     5 |     2 |    15 |    31 |     6 |    60 |   143 |     9 ||   273
         Staff             |       |       |       |       |    10 |    49 |   200 |   348 |    26 ||   633
   Cast: Summon Small Mamm |    25 |    17 |     3 |       |       |     2 |       |       |       ||    47
         Call Imp          |     9 |    15 |    11 |     8 |     7 |       |       |       |       ||    50
         Call Canine Famil |     1 |    18 |    15 |    31 |    15 |       |     2 |     1 |       ||    83
         Summon Lightning  |       |       |    30 |    61 |    57 |    13 |     8 |    11 |     2 ||   182
         Plasma Beam       |       |       |       |     1 |   161 |   489 |   290 |   233 |    29 ||  1203
         Maxwell's Capacit |       |       |       |       |    20 |    55 |    92 |   162 |    15 ||   344
         Passage of Golubr |       |       |       |       |       |       |     1 |       |       ||     1
         Summon Cactus Gia |       |       |       |       |       |       |       |    23 |    11 ||    34
         Malign Gateway    |       |       |       |       |       |       |       |       |    14 ||    14
 Invoke: Sacrifice Resista |     1 |       |       |       |       |       |       |       |       ||     1
         Sacrifice Arcana  |       |       |     1 |       |       |       |       |       |       ||     1
         Power Leap        |       |       |     1 |     1 |     2 |    16 |     1 |     6 |       ||    27
         Sacrifice a Hand  |       |       |     1 |       |       |       |       |       |       ||     1
         Apocalypse        |       |       |       |     5 |     7 |     1 |     2 |     2 |       ||    17
         Sacrifice Purity  |       |       |       |     1 |       |       |       |       |       ||     1
         Draw Out Power    |       |       |       |     1 |     2 |     4 |     1 |     2 |       ||    10
         Sacrifice Stealth |       |       |       |     1 |       |       |       |       |       ||     1
  Evoke: Wand              |       |       |     2 |       |     4 |     4 |       |     4 |    35 ||    49
         Tin of tremorston |       |       |       |       |       |     2 |       |     2 |       ||     4
         Phantom mirror    |       |       |       |       |       |       |       |       |     1 ||     1
    Use: Scroll            |     2 |     9 |     8 |     5 |    10 |     4 |     7 |     7 |     2 ||    54
         Potion            |       |       |       |       |     2 |     1 |     1 |     3 |     2 ||     9
   Stab: Sleeping          |       |     2 |       |       |       |       |       |       |       ||     2
         Distracted        |       |       |       |     3 |     3 |       |     1 |     6 |     1 ||    14
         Paralysed         |       |       |       |     1 |     9 |       |     2 |    10 |       ||    22
         Invisible         |       |       |       |       |       |     1 |     5 |     1 |       ||     7
 Armour: Robe              |     4 |    11 |    15 |       |       |       |       |       |       ||    30
         Scale mail        |       |       |     1 |     5 |       |       |       |       |       ||     6
         Steam dragon scal |       |       |       |    14 |    38 |       |       |       |       ||    52
         Troll leather arm |       |       |       |       |     9 |    95 |   115 |   242 |    30 ||   491
  Dodge: Dodged            |     4 |    67 |    53 |    91 |   206 |   271 |   302 |   615 |    95 ||  1704

Table legend: (Time is in decaauts)
 A = Elapsed time spent in this place.
 B = Non-inter-level travel time spent in this place.
 C = Inter-level travel time spent in this place.
 D = Time resting spent in this place.
 E = Time spent auto-exploring this place.
 F = Levels seen in this place.
 G = Mean time per level.
                   A        B        C        D        E       F      G
               +--------+--------+--------+--------+--------+-----+--------+
         Total |  89684 |  83989 |   5695 |  48133 |  22008 |  51 | 1758.5 |
       Dungeon |  21638 |  18947 |   2691 |   7540 |   8359 |  15 | 1442.5 |
          Lair |  12477 |  11713 |    764 |   7284 |   2816 |   5 | 2495.4 |
        Shoals |   8698 |   8294 |    404 |   5101 |   2390 |   4 | 2174.5 |
   Spider Nest |   7176 |   6880 |    296 |   4733 |   1204 |   4 | 1794.0 |
    Slime Pits |   3318 |   3183 |    135 |   2118 |      0 |   5 |  663.6 |
  Orcish Mines |   3142 |   3116 |     26 |   2137 |    653 |   2 | 1571.0 |
        Vaults |  13294 |  12617 |    677 |   7382 |   3455 |   4 | 3323.5 |
         Crypt |     11 |     11 |      0 |      0 |      0 |   1 |   11.0 |
        Depths |   8733 |   8287 |    446 |   4768 |   2519 |   4 | 2183.2 |
           Zot |  10460 |  10208 |    252 |   6787 |    519 |   5 | 2092.0 |
         Abyss |     18 |     18 |      0 |      0 |      0 |   1 |   18.0 |
         Sewer |    716 |    716 |      0 |    279 |     90 |   1 |  716.0 |
               +--------+--------+--------+--------+--------+-----+--------+

Top non-repeatable levels by time:
Vaults:2: 4695 daAuts
Vaults:1: 4015 daAuts
     D:9: 3716 daAuts
   Zot:2: 3590 daAuts
  Lair:3: 3548 daAuts
  Lair:5: 3474 daAuts
Shoals:3: 3235 daAuts
   Zot:5: 3149 daAuts
Vaults:3: 2950 daAuts
  Lair:4: 2778 daAuts
Depths:1: 2664 daAuts
    D:14: 2394 daAuts
Depths:3: 2240 daAuts
Spider:3: 2151 daAuts
Depths:4: 2072 daAuts
